 Dungeon Crawl Stone Soup version 0.29.1-4-g47bece8355 (webtiles) character file.

Game seed: 9164793597783198024

33408 Destapler the Slicer (level 13, -17/114 HPs)
             Began as a Minotaur Berserker on Dec 7, 2022.
             Was a High Priest of Trog.
             Killed from afar by an oklob plant (26 damage)
             ... with a splash of acid
             ... on level 3 of the Lair of Beasts.
             The game lasted 00:51:34 (16483 turns).

Destapler the Slicer (Minotaur Berserker)          Turns: 16483, Time: 00:51:34

Health: -17/114    AC:  0    Str: 24    XL:     13   Next: 36%
Magic:  12/12      EV: 19    Int:  4    God:    Trog [*****.]
Gold:   897        SH: 14    Dex: 20    Spells: 12/12 levels left

rFire   . . .      SeeInvis .   a - +11 dagger of Uskayaw's Favour {freeze, Contam Dex+5}
rCold   + . .      Faith    +   E - +2 kite shield {AC+3}
rNeg    . . .      Spirit   .   H - +2 ring mail {Will+}
rPois   .          Reflect  .   (helmet unavailable)
rElec   .          Harm     .   (no cloak)
rCorr   .          Rampage  .   w - +2 pair of gloves
Will    +....                   (no boots)
Stlth   ++++......              f - amulet of faith
HPRegen 0.29/turn               t - ring of protection from cold
MPRegen 0.13/turn               D - +4 ring of evasion

@: corroded
A: horns 3, retaliatory headbutt, thin skeletal structure 1
a: Renounce Religion, Berserk, Trog's Hand, Brothers in Arms


You were on level 3 of the Lair of Beasts.
You worshipped Trog.
Trog was extremely pleased with you.
You visited 2 branches of the dungeon, and saw 14 of its levels.

You collected 1054 gold pieces.
You spent 157 gold pieces at shops.

Inventory:

Hand Weapons
 a - the +11 dagger of Uskayaw's Favour (weapon) {freeze, Contam Dex+5}
   (You found it on level 2 of the Dungeon)

   It freezes those it strikes, dealing additional cold damage.
   It can also slow down cold-blooded creatures.
   Dex:       It affects your dexterity (+5).
   Contam:    It causes magical contamination when unequipped.
 b - a +2 broad axe
Missiles
 d - 105 stones
 h - 3 atropa-tipped darts
 l - 2 silver boomerangs
 n - 28 poisoned darts (quivered)
 q - 3 javelins
 z - a curare-tipped dart
 C - 2 datura-tipped darts
Armour
 g - +0 steam dragon scales
 w - a +2 pair of gloves (worn)
 E - a +2 kite shield of protection (worn)
 H - a +2 ring mail of willpower (worn)
 J - a +2 robe of cold resistance
Jewellery
 f - an amulet of faith (around neck)
 t - a ring of protection from cold (left hand)
 D - a +4 ring of evasion (right hand)
 F - a ring of poison resistance
 G - a ring of positive energy
Wands
 o - a wand of flame (11)
 r - a wand of digging (2)
 s - a wand of paralysis (13)
 B - a wand of iceblast (5)
Scrolls
 k - a scroll of poison
 m - 3 scrolls of fear
 v - 9 scrolls of teleportation
 x - 4 scrolls of enchant armour
 y - 4 scrolls of identify
 K - a scroll of vulnerability
 M - a scroll of blinking {unknown}
Potions
 c - 11 potions of curing
 e - 5 potions of might
 i - 3 potions of mutation
 j - 2 potions of ambrosia
 p - a potion of magic {unknown}
 u - a potion of haste
 A - 2 potions of attraction
 I - a potion of heal wounds
Miscellaneous
 L - a box of beasts


   Skills:
 + Level 10.7 Fighting
 + Level 13.0 Short Blades
 - Level 3.6 Axes
 + Level 7.3 Throwing
 + Level 9.4 Armour
 + Level 8.4 Dodging
 + Level 6.3 Stealth
 + Level 9.2 Shields
 + Level 6.8 Evocations


You had 12 spell levels left.
You didn't know any spells.
Your spell library contained the following spells:

 Spells                   Type           Power      Damage    Failure   Level
 Magic Dart               Conj           0%         1d3       88%         1
 Shock                    Conj/Air       0%         1d3       88%         1
 Searing Ray              Conj           0%         2d4       96%         2
 Swiftness                Air            0%         N/A       99%         3
 Airstrike                Air            0%         2d(0-16)  100%        4
 Animate Armour           Summ/Erth      0%         N/A       100%        4
 Fulminant Prism          Conj/Hex       0%         3d6       100%        4
 Leda's Liquefaction      Hex/Erth       0%         N/A       100%        4
 Blade Hands              Tmut           0%         N/A       100%        5
 Lee's Rapid Deconstruct  Erth           0%         3d5*      100%        5
 Iron Shot                Conj/Erth      0%         9d1       100%        6
 Statue Form              Tmut/Erth      0%         N/A       100%        6


Dungeon Overview and Level Annotations

Branches:
Dungeon (11/15)            Temple (0/1) D:5            Lair (3/5) D:11
 Shoals (0/4) Lair:3       Spider (0/4) Lair:3          Orc (0/2) D:10

Altars:
Ashenzari
Elyvilon
Makhleb
Nemelex Xobeh
Okawaru
Ru
Trog
Yredelemnul
Zin
The Shining One

Shops:
D:1 !   D:7 *

Annotations:
Lair:3 exclusion: 3 oklob plants


Innate Abilities, Weirdness & Mutations

You have a pair of large horns on your head.
You reflexively headbutt those who attack you in melee.
You have a somewhat thin skeletal structure. (Dex +2, Stealth+)


Message History

The bush is heavily damaged.
The oklob plant spits acid at you. The splash of acid misses you.
You puncture the oklob plant! You freeze the oklob plant.
You headbutt the oklob plant.
The oklob plant is moderately damaged.
The oklob plant spits acid at you. The splash of acid hits you!
The acid corrodes you! The oklob plant spits acid at you.
The splash of acid hits you!! The acid corrodes you!
You hit the oklob plant but do no damage.
You headbutt the oklob plant!
The oklob plant is heavily damaged.
You hit the oklob plant but do no damage.
The oklob plant is heavily damaged.
The oklob plant spits acid at you. The splash of acid misses you.
You hit the oklob plant. You freeze the oklob plant.
The oklob plant is heavily damaged.
The oklob plant spits acid at you. The splash of acid hits you!!
* * * LOW HITPOINT WARNING * * *
The acid corrodes you!
Unknown command.
You hit the oklob plant but do no damage.
You headbutt the oklob plant, but do no damage.
The oklob plant is heavily damaged.
You hit the oklob plant but do no damage.
You headbutt the oklob plant!
The oklob plant is severely damaged.
The oklob plant spits acid at you. The splash of acid hits you!
* * * LOW HITPOINT WARNING * * *
The acid corrodes you! The oklob plant spits acid at you.
The splash of acid hits you!!
* * * LOW HITPOINT WARNING * * *
The oklob plant spits acid at you. The splash of acid hits you!!
You die...

...# .......##.....†##...#
..##
##.###..##......†...##
..P###..#....##...####...#
....#PP.#....#...#...#...#
.....P...................#
.........................#
.........................#
.........................#
.....<..........@P........
.######.#.......PPP......
..#######........PP.....
..##.#####..............
.##P....##......>$.?....
.#.....##...............
.......###.......?......
...##.###........PP..)..
..#...####..............


You could see 3 oklob plants.

Vanquished Creatures
  Nessos (Lair:3)
  The ghost of ChadusMaximus the Summoner, a journeyman HuSu of Yredelemnul (Lair:1)
  Fannar (Lair:1)
  The ghost of Avanven the Blocker, a journeyman GnFi of Ashenzari (D:10)
  A hydra (Lair:2)
  2 catoblepae
  4 two-headed ogres
  2 centaur warriors (D:9)
  5 death yaks (Lair:2)
  A tengu warrior (D:9)
  Pikel (D:6)
  An ugly thing (D:9)
  A manticore (D:11)
  An oklob plant (Lair:2)
  2 cyclopes
  2 deep elf pyromancers (D:9)
  A merfolk siren (Lair:3)
  6 black mambas
  5 cane toads
  A rime drake (Lair:1)
  2 komodo dragons (Lair:2)
  3 trolls
  4 hornets
  4 dream sheep (Lair:3)
  3 blink frogs (Lair:3)
  A vampire (D:11)
  2 wyverns
  A shadow (D:11)
  A wraith (D:10)
  18 yaks
  2 basilisks
  A vampire mosquito (D:9)
  5 steam dragons
  9 water moccasins
  An acid dragon (D:10)
  An ice beast (D:8)
  6 orc warriors
  5 sky beasts
  A black bear (D:6)
  An ogre (D:6)
  6 wolves
  10 centaurs
  A phantom (D:5)
  2 lemures (D:6)
  2 kobold brigands
  17 bullfrogs
  3 necrophages
  A scorpion (D:5)
  4 wights (D:6)
  25 killer bees
  2 hounds (D:4)
  2 gnoll boudas
  8 orc priests
  Jessica (D:2)
  6 iguanas
  10 orc wizards
  Robin (D:2)
  7 gnolls
  3 adders
  A shadow imp (D:3)
  2 white imps (D:6)
  2 worms (D:9)
  3 dart slugs
  35 orcs
  3 ball pythons
  9 endoplasms
  2 giant cockroaches (D:3)
  8 hobgoblins
  2 jackals (D:1)
  13 kobolds
  2 quokkas
  3 bats
  4 frilled lizards
  12 goblins
  9 rats
  A plant (Lair:1)
333 creatures vanquished.

Vanquished Creatures (others)
  2 orcs (D:6)
  A bush (Lair:3)
  2 fungi
  29 plants
34 creatures vanquished.

Grand Total: 367 creatures vanquished

Notes
Turn   | Place    | Note
-------+----------+-------------------------------------------
     0 | D:1      | Destapler the Minotaur Berserker began the quest for the
                  | Orb.
     0 | D:1      | Reached XP level 1. HP: 19/19 MP: 0/0
   349 | D:1      | Found Mahecieg's Distillery.
   357 | D:1      | Bought a potion of curing for 33 gold pieces
   380 | D:1      | Reached XP level 2. HP: 24/27 MP: 1/1
   816 | D:2      | Reached skill level 1 in Shields
   834 | D:2      | Noticed Robin
   843 | D:2      | Reached ** piety under Trog
  1050 | D:1      | Reached XP level 3. HP: 12/29 MP: 2/2
  1280 | D:2      | Killed Robin
  1497 | D:2      | Reached skill level 1 in Evocations
  1648 | D:2      | Found a broken altar of Ashenzari.
  1716 | D:2      | Identified the +11 dagger of Uskayaw's Favour {freeze,
                  | Contam Dex+5}
  1727 | D:2      | Reached XP level 4. HP: 40/40 MP: 3/3
  1847 | D:2      | Noticed Jessica
  1851 | D:2      | Killed Jessica
  1852 | D:2      | Reached skill level 1 in Stealth
  2200 | D:3      | Noticed a necrophage
  2207 | D:3      | Killed a necrophage
  2208 | D:3      | Reached skill level 1 in Short Blades
  2208 | D:3      | Reached XP level 5. HP: 46/47 MP: 4/4
  2435 | D:3      | Found a broken altar of Ashenzari.
  2435 | D:3      | Found a sacrificial altar of Ru.
  2438 | D:3      | Found a transporter.
  2448 | D:3      | Found a transporter.
  2519 | D:3      | You fall into a shaft and drop 3 floors!
  2524 | D:6      | Noticed a centaur
  2543 | D:6      | Gained mutation: You are somewhat resistant to further
                  | mutation. [potion of mutation]
  2544 | D:6      | Killed a centaur
  2545 | D:6      | Reached skill level 1 in Throwing
  2801 | D:5      | Entered Level 5 of the Dungeon
  2813 | D:5      | Reached skill level 2 in Short Blades
  2813 | D:5      | Reached XP level 6. HP: 49/53 MP: 5/5
  3536 | D:4      | Reached skill level 5 in Fighting
  3536 | D:4      | Reached skill level 3 in Short Blades
  3622 | D:4      | Reached XP level 7. HP: 61/61 MP: 6/6
  3688 | D:4      | Reached skill level 4 in Short Blades
  4043 | D:4      | Reached *** piety under Trog
  4379 | D:5      | Found a staircase to the Ecumenical Temple.
  4520 | D:5      | Found a burning altar of Makhleb.
  4526 | D:5      | Found a glowing silver altar of Zin.
  4527 | D:5      | Noticed an angel
  4529 | D:5      | Noticed a blizzard demon
  5108 | D:6      | Reached skill level 5 in Short Blades
  5125 | D:6      | Reached skill level 6 in Short Blades
  5303 | D:6      | Noticed a steam dragon
  5311 | D:6      | Killed a steam dragon
  5312 | D:6      | Reached skill level 7 in Short Blades
  5312 | D:6      | Reached XP level 8. HP: 49/68 MP: 7/7
  5548 | D:6      | Reached skill level 8 in Short Blades
  5618 | D:6      | Noticed Pikel
  5641 | D:6      | Killed Pikel
  5642 | D:6      | Reached skill level 9 in Short Blades
  5872 | D:6      | Reached skill level 10 in Short Blades
  6325 | D:6      | Reached XP level 9. HP: 74/74 MP: 8/8
  6481 | D:6      | Found a sparkling altar of Nemelex Xobeh.
  6970 | D:7      | Found a basalt altar of Yredelemnul.
  7200 | D:7      | Lost mutation: You are somewhat resistant to further
                  | mutation. [potion of mutation]
  7200 | D:7      | Gained mutation: You have a pair of large horns on your
                  | head. [potion of mutation]
  7200 | D:7      | Gained mutation: You have a somewhat thin skeletal
                  | structure. (Dex +2, Stealth+) [potion of mutation]
  7212 | D:7      | Reached **** piety under Trog
  7374 | D:7      | Found Galumaoh's CLEARANCE SALE!.
  7840 | D:1      | Bought 2 potions of might for 88 gold pieces
  8009 | D:7      | Found a white marble altar of Elyvilon.
  8217 | D:8      | Noticed a two-headed ogre
  8226 | D:8      | Killed a two-headed ogre
  8229 | D:8      | Reached skill level 11 in Short Blades
  8430 | D:8      | Reached skill level 5 in Armour
  8430 | D:8      | Reached XP level 10. HP: 74/86 MP: 9/9
  8437 | D:8      | Reached skill level 5 in Shields
  9498 | D:7      | Bought a potion of ambrosia for 24 gold pieces
  9498 | D:7      | Bought a +0 broad axe for 12 gold pieces
  9595 | D:9      | Paralysed by a hornet for 1 turns
  9603 | D:8      | Reached skill level 5 in Dodging
  9649 | D:9      | Noticed a centaur warrior
  9736 | D:9      | Noticed a deep elf pyromancer
  9740 | D:9      | Killed a deep elf pyromancer
 10015 | D:9      | Noticed a cyclops
 10207 | D:8      | Killed a cyclops
 10209 | D:8      | Reached XP level 11. HP: 94/94 MP: 10/10
 10944 | D:9      | Killed a centaur warrior
 11023 | D:9      | Noticed a deep elf pyromancer
 11029 | D:9      | Noticed a tengu warrior
 11040 | D:9      | Noticed a centaur warrior
 11134 | D:9      | Noticed a two-headed ogre
 11145 | D:9      | Killed a two-headed ogre
 11226 | D:9      | Killed a tengu warrior
 11247 | D:9      | Noticed a brown ugly thing
 11297 | D:9      | Killed a deep elf pyromancer
 11319 | D:9      | Killed a brown ugly thing
 11320 | D:9      | Reached skill level 5 in Throwing
 11401 | D:9      | Killed a centaur warrior
 11625 | D:9      | Found a bloodstained altar of Trog.
 11719 | D:10     | Entered Level 10 of the Dungeon
 11757 | D:10     | Noticed a two-headed ogre
 11764 | D:10     | Killed a two-headed ogre
 11765 | D:10     | Reached skill level 12 in Short Blades
 11892 | D:10     | Reached skill level 5 in Evocations
 12074 | D:10     | Found a staircase to the Orcish Mines.
 12152 | D:10     | Reached ***** piety under Trog
 12355 | D:10     | Found an iron altar of Okawaru.
 12400 | D:10     | Found a glowing golden altar of the Shining One.
 12616 | D:10     | Found a runed translucent door.
 12742 | D:10     | Noticed a two-headed ogre
 12755 | D:10     | Killed a two-headed ogre
 12823 | D:10     | Noticed Avanven's ghost (journeyman GnFi)
 12843 | D:10     | Killed Avanven's ghost
 12965 | D:11     | Found a staircase to the Lair.
 13060 | D:11     | Reached skill level 5 in Stealth
 13060 | D:11     | Reached XP level 12. HP: 100/104 MP: 11/11
 13926 | Lair:1   | Entered Level 1 of the Lair of Beasts
 13948 | Lair:1   | Noticed ChadusMaximus's ghost (journeyman HuSu)
 13955 | Lair:1   | Found a transporter.
 13975 | Lair:1   | Found a transporter.
 14013 | Lair:1   | Killed ChadusMaximus's ghost
 14333 | Lair:1   | Noticed Fannar
 14350 | Lair:1   | Killed Fannar
 14401 | Lair:1   | Noticed a catoblepas
 14413 | Lair:1   | Killed a catoblepas
 14875 | Lair:2   | Noticed a catoblepas
 14882 | Lair:2   | Killed a catoblepas
 14893 | Lair:2   | Noticed a death yak
 14893 | Lair:2   | Noticed a death yak
 14894 | Lair:2   | Noticed a death yak
 15131 | Lair:2   | Noticed a death yak
 15131 | Lair:2   | Noticed a death yak
 15139 | Lair:2   | Killed a death yak
 15140 | Lair:2   | Reached skill level 10 in Fighting
 15146 | Lair:2   | Killed a death yak
 15152 | Lair:2   | Killed a death yak
 15156 | Lair:2   | Killed a death yak
 15163 | Lair:2   | Killed a death yak
 15387 | Lair:2   | Reached XP level 13. HP: 113/113 MP: 12/12
 15820 | Lair:3   | Found a hole to the Spider Nest.
 15824 | Lair:3   | Noticed Nessos
 15843 | Lair:3   | Killed Nessos
 15978 | Lair:3   | Reached skill level 13 in Short Blades
 16377 | Lair:3   | Found a staircase to the Shoals.
 16483 | Lair:3   | Killed from afar by an oklob plant

Illustrated notes

Levels and vault maps discovered:
D:1:      lemuel_arrival_cross, layout_rooms, serial_shops, shop
D:2:      layout_basic, basic_altar, minivault_25, uniq_jessica, uniq_robin
D:3:      layout_basic, gammafunk_temple_overflow_arena, serial_bayou_pond_b
D:4:      layout_cave_pods
D:5:      layout_loops_ring, grunt_temple_overflow_order_and_chaos_2,
          minmay_temple_entry_slanted, nicolae_elevator_lobby_plus
D:6:      layout_cave_pods, nemelex_diamond_rough_becter,
          chequers_serial_rivers_small_b, uniq_pikel
D:7:      layout_loops_ring, kennysheep_ying_yang, nicolae_shop_clearance
D:8:      layout_basic, hangedman_misty_isle
D:9:      minmay_cut_squares, layout_rooms, tgw_trog
D:10:     layout_gridville, nicolae_tso_swordbearing_angel,
          mainiacjoe_overflow_boulevard, david_orc_4,
          ebering_ghost_reflecting_pool
D:11:     layout_basic, lair_entry_dummy, lemuel_flamethrower_1
Lair:1:   layout_gridlike, nzn_ghost_randoct, minivault_19, minivault_11,
          grunt_forest_small_clearings, uniq_fannar
Lair:2:   cheibrodos_lair_river_kwai, layout_chaotic_city, serial_bayou_shore_b
Lair:3:   layout_regular_city, minmay_shoals_entry_lonely_mermaid,
          spider_nest_entry_web_field, disabler_island, uniq_nessos

Skill      XL: |  1  2  3  4  5  6  7  8  9 10 11 12 13 |
---------------+----------------------------------------+-----
Shields        | 1 2 3 4 6 7 8 9 |  9.2
Fighting       | 4 5 7 8 9 10 | 10.7
Armour         | 3 4 5 6 7 8 9 |  9.4
Evocations     | 1 2 3 4 5 6 |  6.8
Dodging        | 3 4 5 6 8 |  8.4
Stealth        | 1 2 3 5 6 |  6.3
Short Blades   | 1 2 3 7 10 11 12 13 | 13.0
Throwing       | 1 2 3 4 5 6 7 |  7.3
Axes           | |  3.6

Action                   |  1- 3 |  4- 6 |  7- 9 | 10-12 | 13-15 || total
-------------------------+-------+-------+-------+-------+-------++-------
Melee: Hand axe          |    53 |    64 |    38 |       |       ||   155
       Headbutt          |     8 |     8 |    39 |   109 |    24 ||   188
       Dagger            |     6 |       |   172 |   494 |   100 ||   772
Throw: Stone             |    15 |       |       |       |       ||    15
       Dart              |       |       |       |    42 |       ||    42
Invok: Berserk           |     2 |     2 |     6 |    21 |     3 ||    34
       Trog's Hand       |       |       |     1 |     8 |       ||     9
Evoke: Wand              |       |     1 |       |     3 |       ||     4
  Use: Scroll            |     3 |       |     8 |     4 |       ||    15
       Potion            |       |     1 |     4 |     1 |       ||     6
 Stab: Sleeping          |       |     1 |     7 |    10 |     5 ||    23
       Distracted        |       |       |       |     1 |     1 ||     2
Armor: Animal skin       |    16 |    18 |    23 |       |       ||    57
       Steam dragon scal |       |       |     4 |    50 |       ||    54
       Ring mail         |       |       |       |    14 |     8 ||    22
Dodge: Dodged            |    51 |    46 |    62 |   192 |    40 ||   391
Block: Buckler           |       |    15 |    53 |    62 |       ||   130
       Kite shield       |       |       |       |   133 |    39 ||   172
